Cogmind - Beta 15 @@@ ROGUE MODE // 2025.06.15 @ 04:24:44 Player: CL-1C0 Result: Self-destructed Performance ------------- Evolutions (3) 1500 Regions Visited (5) 1000 Robots Destroyed (0) 0 Value Destroyed (0) 0 Prototype IDs (0) 0 Alien Tech Used (0) 0 Bonus (834) 834 TOTAL SCORE: 3334 Bonus ------- Pacifist 834 Cogmind --------- Core Integrity 699/700 Matter 300/300 Energy 99/100 System Corruption 0% Temperature Cool (0) Movement Core (50) Location -7/Factory Parts ------- > --- POWER (1) -------- (None) > --- PROPULSION (4) --- (None) > --- UTILITY (6) ------ (None) > --- WEAPON (2) ------- (None) > --- INVENTORY (5) ---- Micro Nuclear Core Powered Hammer Powered Hammer Mining Claw Peak State ------------ > --- POWER ------------ (None) > --- PROPULSION ------- Light Treads Light Treads > --- UTILITY ---------- (None) > --- WEAPON ----------- (None) > --- INVENTORY -------- Light Ion Engine Compact Wheel Light Assault Rifle [Rating: 2] Favorites ----------- Power None Propulsion Light Treads Treads Light Treads Utility None Weapon None Build | -11 -10 -9 -9 -8 -7 ------- Run | Yrd Mat Mat Min Mat Fac Slots Evolved 6 | . . 2 . 2 2 Power . | . . . . . . Propulsion 2 | . . 1 . 1 . Utility 4 | . . 1 . 1 2 Weapon . | . . . . . . Parts Attached 2 | 2 . . . . . Power . | . . . . . . Engine . | . . . . . . Core . | . . . . . . Reactor . | . . . . . . Propulsion 2 | 2 . . . . . Treads 2 | 2 . . . . . Leg . | . . . . . . Wheel . | . . . . . . Hover . | . . . . . . Flight . | . . . . . . Utility . | . . . . . . Device . | . . . . . . Storage . | . . . . . . Processor . | . . . . . . Hackware . | . . . . . . Protection . | . . . . . . Artifact . | . . . . . . Weapon . | . . . . . . Energy Gun . | . . . . . . Energy Cannon . | . . . . . . Ballistic Gun . | . . . . . . Ballistic Cannon . | . . . . . . Launcher . | . . . . . . Special Weapon . | . . . . . . Impact Weapon . | . . . . . . Slashing Weapon . | . . . . . . Piercing Weapon . | . . . . . . Special Melee Weapon . | . . . . . . Unidentified Prototypes . | . . . . . . Parts Lost 2 | . . 2 . . . Power . | . . . . . . Propulsion 2 | . . 2 . . . Utility . | . . . . . . Weapon . | . . . . . . Highest Loss Streak 2 | . . 2 . . . To Critical Strikes . | . . . . . . Average Backups 1 | 4 . 1 1 1 2 Power . | 1 . . . . . Propulsion . | 2 . . . . . Utility . | . . . . . . Weapon 1 | 1 . 1 1 1 2 Tool/Special . | . . . . . . Unused Backups 3 | . . . . . 3 Power . | . . . . . . Propulsion . | . . . . . . Utility . | . . . . . . Weapon 3 | . . . . . 3 Tool/Special . | . . . . . . Average Slot Usage (%) 7 | . 28 11 . . . Treads 7 | . 28 11 . . . Peak Build Rating 2 | 2 2 2 . . 1 Average Rating . | 1 2 . . . . On Entrance 1 | 6 2 2 . . . Naked Turns 188 | . . 43 46 65 34 Heaviest Build . | . . . . . . Greatest Support 3 | 3 3 3 3 3 3 Greatest Overweight (x) . | . . . . . . Average Overweight (x) . | . . . . . . Largest Inventory Capacity 5 | 5 5 5 5 5 5 Average Capacity 5 | 5 5 5 5 5 5 Most Carried 4 | 4 1 1 1 1 4 Average Carried 1 | 2 . 1 1 1 2 Final Capacity 5 | 5 5 5 5 5 5 Final Carried 4 | . 1 1 1 1 4 Class Distribution -------------------- 100% | Mutant Dominant Class ---------------- Mutant | -10/Materials Mutant | -9/Materials Mutant | -9/Mines Mutant | -8/Materials Mutant | -7/Factory Resources | -11 -10 -9 -9 -8 -7 ----------- Run | Yrd Mat Mat Min Mat Fac Matter Collected 182 | 182 . . . . . Remotely . | . . . . . . Salvage Created . | . . . . . . Parts . | . . . . . . Haulers Intercepted . | . . . . . . Recyclers Shooed . | . . . . . . Parts Field Recycled . | . . . . . . Retrieved Matter . | . . . . . . Parts Self-Destructed . | . . . . . . Prevented . | . . . . . . Kills | -11 -10 -9 -9 -8 -7 ------- Run | Yrd Mat Mat Min Mat Fac Combat Hostiles Destroyed . | . . . . . . Classes Destroyed . | . . . . . . Best Kill Streak . | . . . . . . Combat Bots Only . | . . . . . . Max Kills in Single Turn . | . . . . . . Gunslinging . | . . . . . . Exploded . | . . . . . . Melee . | . . . . . . Uniques/NPCs Destroyed . | . . . . . . Combat | -11 -10 -9 -9 -8 -7 -------- Run | Yrd Mat Mat Min Mat Fac Hostile Shots Fired 114 | . 2 40 . 72 . Missed 39 | . 1 11 . 27 . Hits 75 | . 1 29 . 45 . Projectile 75 | . 1 29 . 45 . Critical Strikes 2 | . . 2 . . . Damage Taken 886 | . 16 429 . 440 1 Core 588 | . . 147 . 440 1 Absorbed by Shields . | . . . . . . Core Remaining (%) 70 | 100 100 . 63 20 . Volleys Fired . | . . . . . . Largest . | . . . . . . Hottest . | . . . . . . Shots Fired . | . . . . . . Gun . | . . . . . . Cannon . | . . . . . . Launcher . | . . . . . . Special . | . . . . . . Kinetic . | . . . . . . Thermal . | . . . . . . Explosive . | . . . . . . Electromagnetic . | . . . . . . Robot Hit Streak . | . . . . . . Robot Miss Streak . | . . . . . . Penetration Max . | . . . . . . Secondary Targets . | . . . . . . Shots Hit Robots . | . . . . . . Core Hits 1 | . . . . 1 . Critical Kills . | . . . . . . Critical Parts Destroyed . | . . . . . . Critical Strikes . | . . . . . . Melee Attacks . | . . . . . . Impact . | . . . . . . Slashing . | . . . . . . Piercing . | . . . . . . Sneak Attacks . | . . . . . . Combat Hostiles . | . . . . . . Follow-up Attacks . | . . . . . . Damage Inflicted 37 | . . . . 35 2 Guns . | . . . . . . Cannons . | . . . . . . Explosions . | . . . . . . Melee . | . . . . . . Ramming 37 | . . . . 35 2 Kinetic . | . . . . . . Thermal . | . . . . . . Explosive . | . . . . . . Electromagnetic . | . . . . . . Impact . | . . . . . . Slashing . | . . . . . . Piercing . | . . . . . . Highest Corruption 2 | . . . . 2 . Average Corruption 2 | . . . . 2 . Corruption Purged . | . . . . . . Corruption Blocked . | . . . . . . Overload Shots . | . . . . . . Overflow Damage . | . . . . . . Projectiles . | . . . . . . Explosions . | . . . . . . Melee . | . . . . . . Knockbacks . | . . . . . . Impact . | . . . . . . Kinetic . | . . . . . . Secondary . | . . . . . . Self-Inflicted Damage 16 | . . . . 15 1 Shots . | . . . . . . Rammed 12 | . . . . 11 1 Targets Rammed 12 | . . . . 11 1 Kicked . | . . . . . . Crushed . | . . . . . . Highest Temperature . | . . . . . . Average Temperature . | . . . . . . Received Heat Transfer 225 | . 9 171 . 45 . Siege Activations . | . . . . . . Martial Activations . | . . . . . . Shielding Activations . | . . . . . . Robots Disrupted . | . . . . . . Combat Hostiles . | . . . . . . Robots Corrupted . | . . . . . . Combat Hostiles . | . . . . . . Parts Fried . | . . . . . . Impact Corruptions . | . . . . . . Robots Melted . | . . . . . . Combat Hostiles . | . . . . . . Parts Melted . | . . . . . . Heat Transferred . | . . . . . . Parts Sabotaged . | . . . . . . Parts Stolen . | . . . . . . Parts Stripped . | . . . . . . Power Chain Reactions . | . . . . . . Alert | -11 -10 -9 -9 -8 -7 ------- Run | Yrd Mat Mat Min Mat Fac Maximum Alert Level . | . . . . . . Low Security (%) 100 | 100 100 100 100 100 100 Level 1 . | . . . . . . Level 2 . | . . . . . . Level 3 . | . . . . . . Level 4 . | . . . . . . Level 5 . | . . . . . . High Security . | . . . . . . Max Security . | . . . . . . Peak Influence 55 | . 9 . . 55 38 Initial 24 | . . . . . 24 Average 9 | . 1 . . 22 27 Influence Increases 98 | . 9 . . 75 14 Successful Hack 23 | . 9 . . . 14 Lose Combat Pursuer 75 | . . . . 75 . Influence Decreases 70 | . 9 . . 20 41 Entered New Map 31 | . . . . . 31 Time Decay 39 | . 9 . . 20 10 Squads Dispatched 3 | . . 2 . . 1 Investigation 3 | . . 2 . . 1 Extermination . | . . . . . . Reinforcement . | . . . . . . Assault . | . . . . . . Garrison . | . . . . . . Intercept . | . . . . . . Searches Triggered . | . . . . . . Construction Impeded . | . . . . . . Haulers Reinforced . | . . . . . . Active Scanning Responses . | . . . . . . Cargo Convoy Interrupts . | . . . . . . Stealth | -11 -10 -9 -9 -8 -7 --------- Run | Yrd Mat Mat Min Mat Fac Distress Signals 2 | . . 1 . 1 . Communications Jammed . | . . . . . . Distress Signals . | . . . . . . Times Spotted 27 | . 3 7 . 17 . Peak Tracking Total 16 | . 3 6 . 16 . Tactical Retreats 2 | . . . . 2 . Traps | -11 -10 -9 -9 -8 -7 ------- Run | Yrd Mat Mat Min Mat Fac Traps Triggered . | . . . . . . Indirectly . | . . . . . . Trap Hack Attempts . | . . . . . . Triggered . | . . . . . . Disarmed . | . . . . . . Reprogrammed . | . . . . . . Reused . | . . . . . . Traps Extracted . | . . . . . . Installed . | . . . . . . Triggered . | . . . . . . Machines | -11 -10 -9 -9 -8 -7 ---------- Run | Yrd Mat Mat Min Mat Fac Machines Disabled . | . . . . . . Max in Single Turn . | . . . . . . Machines Repaired . | . . . . . . Machines Dismantled . | . . . . . . Machines Sabotaged . | . . . . . . Overloaded Fab Kills . | . . . . . . Hacking | -11 -10 -9 -9 -8 -7 --------- Run | Yrd Mat Mat Min Mat Fac Machines Accessed 6 | . 1 3 . . 2 Terminals 6 | . 1 3 . . 2 Fabricators . | . . . . . . Repair Stations . | . . . . . . Recycling Units . | . . . . . . Scanalyzers . | . . . . . . Garrison Access . | . . . . . . Total Hacks 15 | . 4 7 . . 4 Successful 2 | . 1 . . . 1 Failed 13 | . 3 7 . . 3 Catastrophic 8 | . 1 4 . . 3 Database Lockouts . | . . . . . . Manual 11 | . 4 7 . . . Terminals 15 | . 4 7 . . 4 Fabricators . | . . . . . . Repair Stations . | . . . . . . Recycling Units . | . . . . . . Scanalyzers . | . . . . . . Garrison Access . | . . . . . . Terminal Hacks 2 | . 1 . . . 1 Level Access Points 1 | . 1 . . . . Terminal Index 1 | . . . . . 1 Fabricator Hacks . | . . . . . . Repair Station Hacks . | . . . . . . Recycling Unit Hacks . | . . . . . . Scanalyzer . | . . . . . . Garrison Access Hacks . | . . . . . . Unauthorized Hacks . | . . . . . . Terminals . | . . . . . . Fabricators . | . . . . . . Repair Stations . | . . . . . . Recycling Units . | . . . . . . Scanalyzers . | . . . . . . Garrison Access . | . . . . . . Data Cores Recovered . | . . . . . . Used . | . . . . . . Hacking Detections 6 | . 1 3 . . 2 Full Trace Events 3 | . . 2 . . 1 Feedback Events . | . . . . . . Feedback Blocked . | . . . . . . Robot Schematics Acquired . | . . . . . . Robots Built . | . . . . . . Authchips . | . . . . . . Time . | . . . . . . Total Robot Build Rating . | . . . . . . Part Schematics Acquired . | . . . . . . Parts Built . | . . . . . . Authchips . | . . . . . . Time . | . . . . . . Total Part Build Rating . | . . . . . . Parts Repaired . | . . . . . . Time . | . . . . . . Parts Recycled . | . . . . . . Recycled Matter . | . . . . . . Retrieved Matter . | . . . . . . Retrieved Components . | . . . . . . Parts Scanalyzed . | . . . . . . Part Schematics Acquired . | . . . . . . Parts Damaged . | . . . . . . Bothacking | -11 -10 -9 -9 -8 -7 ------------ Run | Yrd Mat Mat Min Mat Fac Used RIF Installer . | . . . . . . Robots Hacked . | . . . . . . Non-combat . | . . . . . . Combat . | . . . . . . Robot Hacks Applied . | . . . . . . Relay Couplers Released . | . . . . . . Fabnet Peak Effective % . | . . . . . . Robots Rewired . | . . . . . . Allies Hacked . | . . . . . . Hacks Repelled . | . . . . . . Allies | -11 -10 -9 -9 -8 -7 -------- Run | Yrd Mat Mat Min Mat Fac Total Allies . | . . . . . . Largest Group . | . . . . . . Highest-Rated Group . | . . . . . . Highest-Rated Ally . | . . . . . . Total Orders . | . . . . . . Ally Attacks . | . . . . . . Total Damage . | . . . . . . Kills . | . . . . . . Allies Corrupted . | . . . . . . Allies Melted . | . . . . . . Intel | -11 -10 -9 -9 -8 -7 ------- Run | Yrd Mat Mat Min Mat Fac Active Infowar (turns) . | . . . . . . Robot Analysis Total . | . . . . . . Derelict Logs Recovered . | . . . . . . Drone Launches . | . . . . . . Drone Recoveries . | . . . . . . Exploration | -11 -10 -9 -9 -8 -7 ------------- Run | Yrd Mat Mat Min Mat Fac Turns Passed 264 | 4 30 85 46 65 34 Spaces Moved 486 | 1 57 170 91 108 59 Core 486 | 1 57 170 91 108 59 Treads . | . . . . . . Legs . | . . . . . . Wheels . | . . . . . . Hover . | . . . . . . Flight . | . . . . . . Fastest Speed 50 | 50 50 50 50 50 50 Average Speed 50 | 50 50 50 50 50 50 Slowest Speed 50 | 50 50 50 50 50 50 Overloaded Moves . | . . . . . . Propulsion Burnouts . | . . . . . . Robots Hopped . | . . . . . . Potential Cave-ins . | . . . . . . Cave-ins Triggered . | . . . . . . Exploration Rate (%) 17 | 1 20 25 38 20 3 Regions Visited 5 Branch Regions 1 Pre-discovered Areas . | . . . . . . Known Exits Taken 1 | . 1 . . . . Unknown Exits Taken 4 | 1 . 1 1 1 . Scrap Searched . | . . . . . . Spaces Dug . | . . . . . . Terrain Destroyed . | . . . . . . Melee . | . . . . . . Projectile . | . . . . . . AOE . | . . . . . . Terrain Rammed . | . . . . . . Walls Destroyed . | . . . . . . Machines Disabled . | . . . . . . Actions | -11 -10 -9 -9 -8 -7 --------- Run | Yrd Mat Mat Min Mat Fac Total 502 | 5 57 169 90 118 63 Wait . | . . . . . . Move 481 | . 56 169 90 107 59 Hop . | . . . . . . Pick Up 4 | . 1 . . . 3 Fast Attach . | . . . . . . Attach 2 | 2 . . . . . Detach . | . . . . . . Swap . | . . . . . . Drop 3 | 3 . . . . . Fire . | . . . . . . Melee . | . . . . . . Ram 12 | . . . . 11 1 Kick . | . . . . . . Crush . | . . . . . . Escape Stasis . | . . . . . . Rewire . | . . . . . . Trap . | . . . . . . Miscellaneous . | . . . . . . Route ------- -11/Scrapyard -10/Materials (discovered 3 exits: *Mat x3) -9/Materials -9/Mines -8/Materials -7/Factory History --------- Turn | Location | Event 1 | -11/Scrapyard | Released all parts (6) 5 | -11/Scrapyard | Discovered new exit (range 0) 5 | -11/Scrapyard | Entered Materials 18 | -10/Materials | Identified exit to Materials 35 | -10/Materials | Entered another Materials area 35 | -9/Materials | Evolved 2 slots: Propulsion x1, Utility x1 118 | -9/Materials | Discovered new exit (range 6) 120 | -9/Materials | Entered Mines 164 | -9/Mines | Discovered new exit (range 5) 166 | -9/Mines | Entered Materials 166 | -8/Materials | Evolved 2 slots: Propulsion x1, Utility x1 207 | -8/Materials | Core integrity fell below 50% 229 | -8/Materials | Discovered new exit (range 6) 231 | -8/Materials | Entered Factory 231 | -7/Factory | Evolved 2 slots: Utility x2 265 | -7/Factory | Self-destructed Last Messages --------------- 00221_ S-10 Pest destroyed. 00224_ R-06 Scavenger collects Flight Unit. 00226_ S-10 Pest destroyed. 00229_ EXIT=FOUND PARAMETERS=UTILITY+2 LOCATION=UNKNOWN GOAL=ESCAPE 00242_ Acquired Powered Hammer. 00246_ Connecting with Terminal... 00246_ Current location identified: Factory >>Index(Terminals) Found 19 terminals. Downloaded coordinate data. 00256_ Acquired Mic. Nuclear Core. 00258_ Connecting with Terminal... 00258_ ALERT: Suspicious activity at Terminal F010. Dispatching Investigation squad. 00260_ Slammed into U-05 Engineer. 00263_ K-01 Serf cleans the Fusion Modulator. 00265_ Connecting with Fabricator... Map ----- +----------------------------------------------------+ | ?????????????????????????????????????????????????? | | ?????????????????????????????????????????????????? | | ?????????????????????????????????????????????????? | | ?????????????????????????????????????????????????? | | ?????????????????????????????????????????????????? | | ?????????????????????????????????????????????????? | | ?????????????????????????????????????????????????? | | ?????????????????????????????????????????????????? | | ?????????????????????????????????????????????????? | | ?????????????????????????????????????????????????? | | ?????????????????????????????????????????????????? | | ?????????????????????????????????????????????????? | | ?????????????????????????????????????????????????? | | ?????????????????????????????????????????????????? | | ???????????????????????? ????????????????????????? | | ?????????????????????? ????????????????????????? | | ?????????????????????C ????????????????????????? | | ????????????????????? ????????????????????????? | | ???????????????????# ????????????????????????? | | ???????????????????# ####+###????????????????? | | ???????????????????# k #????????????????? | | ???????????????????#k u #????????????????? | | ???????????????????# """" ####????? ???????? | | ???????????????????# """""" """#???? ???????? | | ???????????????????# ""F ""u Y"#??? ???????? | | ???????????????????# """@ """#?? ?????????? | | ???????????????????# #####+#####??????? | | ???????????????????# """ """ r ?????? | | ???????????????????# """ """ ?????? | | ???????????????????# k""" """ k ??? | | ???????????????????# ?? | | ???????????????????# % ?? | | ???????????????????####+######+##########??????# | | ??????????????????????????# #???????????# | | ??????????????????????????# """ #???????????# | | ??????????????????????????# "T" #???????????# | | ??????????????????????????# #???????????# | | ??????????????????????????# #???????????# | | ??????????????????????????# """ #???????????# | | ??????????????????????????# """ #???????????# | | ??????????????????????????# """ #????######## | | ??????????????????????????# #????# | | ??????????????????????????######+######## | | ???????????????????????????????# """"" | | ?????????????????????????????###+#### ""T"" | | ?????????????????????????????# + | | ?????????????????????????????# """ # ! | | ?????????????????????????????# """ # | | ?????????????????????????????# """ + | | ?????????????????????????????# ###+######## | +----------------------------------------------------+ Best States ------------- Heat Dissipation 34 Energy Generation 5 Energy Capacity 100 Matter Stores 300 Matter Capacity 300 Sight Range 16 Terrain Scan Density 10 Evasion (%) 50 Item Schematics ----------------- None Robot Schematics ------------------ None Fabricated ------------ Nothing Repaired ---------- Nothing Alien Tech Used ----------------- None Achievements -------------- None Challenges ------------ None Game ------ Seed AlertArmoredWheel Manual? 0 Play Time 00:04:42 Cumulative 538.9 hours Start 2025.06.15 @ 04:19:12 End 2025.06.15 @ 04:24:44 Sessions 1 Manual Loads 0 Difficulty Rogue Special Mode None Game No. 640 Rogue 640 Adventurer 0 Explorer 0 Win Type - Total 19 Types 13/0/5/1/0/0/0/0/0/0 Lore% 83 Gallery% 83 Achievement% 82 Wizard Run 0 Options --------- Layout 0 ASCII 0 Keyboard 0 Movement Numpad Keybinds 0 Fullscreen 1 Font 18/SmallcapsGlow Map View 76x50 Zoom Use 0% Tactical HUD 1 Map Filters NONE Filters NONE Steam 1 RUN: 402a661a-7a0a-4769-ac22-708d421047b7